 Dungeon Crawl Stone Soup version 0.28-a0-1002-gf00fe891ef (webtiles) character file.

Game seed: 11335253248223306665

49 ytrimaz the Skirmisher (level 3, 0/29 HPs)
             Began as a Demonspawn Fighter on Dec 7, 2021.
             Was a Follower of Wu Jian.
             Succumbed to an adder's poison
             ... on level 2 of the Dungeon.
             The game lasted 00:01:31 (1020 turns).

ytrimaz the Skirmisher (Demonspawn Fighter)         Turns: 1020, Time: 00:01:32

Health: 0/29       AC:  6    Str: 18    XL:     3   Next: 51%
Magic:  3/3        EV:  9    Int:  9    God:    Wu Jian [*.....]
Gold:   49         SH:  4    Dex: 12    Spells: 2/2 levels left

rFire   . . .      SeeInvis .   a - +0 war axe
rCold   . . .      Faith    .   c - +0 buckler
rNeg    . . .      Spirit   .   b - +0 scale mail
rPois   .          Reflect  .   (no helmet)
rElec   .          Harm     .   (no cloak)
rCorr   .          Rampage  .   (no gloves)
Will    .....                   (no boots)
Stlth   ..........              (no amulet)
HPRegen 0.09/turn               (no ring)
MPRegen 0.08/turn               (no ring)

@: mighty, lethally poisoned (0 -> -10), hasted, very quick
A: powered by death 1
a: Renounce Religion


You were on level 2 of the Dungeon.
You worshipped Wu Jian.
Wu Jian was aware of your devotion.
You visited 1 branch of the dungeon, and saw 2 of its levels.

You collected 49 gold pieces.

Inventory:

Hand Weapons
 a - a +0 war axe (weapon)
Armour
 b - a +0 scale mail (worn)
 c - a +0 buckler (worn)
Jewellery
 g - a ring of flight
 j - a ring of poison resistance
Scrolls
 f - 3 scrolls of identify
 h - a scroll of teleportation
 i - a scroll of vulnerability {unknown}
 k - a scroll of enchant armour {unknown}
Potions
 e - a potion of haste


   Skills:
 + Level 3.4 Fighting
 + Level 2.4 Axes
 + Level 3.1 Armour
 + Level 3.0 Shields


You had 2 spell levels left.
You didn't know any spells.
Your spell library contained the following spells:

 Spells                   Type           Power      Damage    Failure   Level
 Passwall                 Tmut/Erth      0%         N/A       91%         2
 Swiftness                Air            0%         N/A       99%         3


Dungeon Overview and Level Annotations

Branches:
Dungeon (2/15)

Altars:
Wu Jian

Shops:
D:1 (


Innate Abilities, Weirdness & Mutations

You regenerate a little health from kills.


Message History

You slash the gnoll!
The gnoll is heavily wounded.
You hit the gnoll. The gnoll hits you with a +0 club!
The gnoll hits you with a +0 flail. The gnoll hits you with a +0 club.
You hit the gnoll.
The gnoll is severely wounded.
You hit the gnoll. The gnoll hits you with a +0 flail!
* * * LOW HITPOINT WARNING * * *
The gnoll hits you with a +0 club.
* * * LOW HITPOINT WARNING * * *
Unknown command.
You slash the gnoll!
You kill the gnoll!
The Council accepts your kill.
You barely miss the gnoll. You block the gnoll's attack.
The adder closely misses you. The gnoll barely misses you.
Unknown command.
You spin to attack the gnoll, but your attack speed is too slow for a blow to land.
The gnoll barely misses you.
Unknown command.
The adder bites you but does no damage.
You feel very mighty all of a sudden. The adder bites you but does no damage.
The gnoll barely misses you.
Unknown command.
You hit the gnoll.
You kill the gnoll!
The Council accepts your kill.
You barely miss the adder. The adder completely misses you.
The adder bites you.
* * * LOW HITPOINT WARNING * * *
You are poisoned.
The adder poisons you! The adder barely misses you.
Unknown command.
You feel yourself speed up.
You feel sick. The adder bites you.
* * * LOW HITPOINT WARNING * * *
You are more poisoned.
The adder poisons you! The adder bites you but does no damage.
Unknown command.
You barely miss the adder. You closely miss the adder.
You die...

##....#
###..#....#
#...##.##.#
###.####.# .#
##[..# #.# #
##..### ..#
...####..## .##
#(.....### #
####...@S## .####
#...###SS###......
....##
##gSgg...... .###
###.=......
.........
##........
#........
#.......)
##..g....


You could see a gnoll, 2 adders, a hobgoblin, a goblin and 2 ball pythons.

Vanquished Creatures
  2 gnolls (D:2)
  2 ball pythons
  4 endoplasms (D:1)
  2 giant cockroaches
  3 goblins
  5 hobgoblins
  3 kobolds (D:1)
  4 bats
  2 rats
27 creatures vanquished.

Notes
Turn   | Place    | Note
-------+----------+-------------------------------------------
     0 | D:1      | ytrimaz the Demonspawn Fighter began the quest for the Orb.
     0 | D:1      | Reached XP level 1. HP: 18/18 MP: 1/1
   161 | D:1      | Gained mutation: You regenerate a little health from kills.
                  | [demonic ancestry]
   161 | D:1      | Reached XP level 2. HP: 19/24 MP: 2/2
   436 | D:1      | Found Foghijot's Weapon Shoppe.
   874 | D:1      | Found a faded altar of an unknown god.
   954 | D:1      | Prayed at the altar of an unknown god.
   954 | D:1      | Became a worshipper of the Wu Jian Council
   954 | D:1      | Reached * piety under Wu Jian
  1012 | D:2      | Reached XP level 3. HP: 27/29 MP: 3/3
  1020 | D:2      | Succumbed to an adder's poison

Illustrated notes

Levels and vault maps discovered:
D:1:      shiori_arrival_oz, layout_basic,
          shapermc_ecumenical_altar_mp_ritualfount, serial_shops, shop,
          corner_web_ring, minmay_splitting_lines, minmay_vboxes
D:2:      layout_rooms, uniq_natasha

Skill      XL: |  1  2 |
---------------+-------+-----
Armour         | 3 |  3.1
Axes           | 2 |  2.4
Shields        | 3 |  3.0
Fighting       | |  3.4

Action                   || total
-------------------------++-------
Melee: War axe           ||    52
Invok: Lunge             ||     2
  Use: Scroll            ||     6
       Potion            ||     2
Armor: Scale mail        ||    24
Dodge: Dodged            ||    21
Block: Buckler           ||    13

Table legend: (Time is in decaauts)
 A = Elapsed time spent in this place.
 B = Non-inter-level travel time spent in this place.
 C = Inter-level travel time spent in this place.
 D = Time resting spent in this place.
 E = Time spent auto-exploring this place.
 F = Levels seen in this place.
 G = Mean time per level.
                   A        B        C        D        E       F      G
               +--------+--------+--------+--------+--------+-----+--------+
         Total |   1040 |   1031 |      9 |      0 |    805 |   2 |  520.0 |
       Dungeon |   1040 |   1031 |      9 |      0 |    805 |   2 |  520.0 |
               +--------+--------+--------+--------+--------+-----+--------+

Top non-repeatable levels by time:
     D:1: 980 daAuts
     D:2: 60 daAuts
